 Dungeon Crawl Stone Soup version 0.31-a0-1009-g454b1f1e0a (webtiles) character file.

Game seed: 8358222044895203989

70 Azuregosa the Sneak (level 4, -1/31 HPs)
             Began as an Octopode Delver on Nov 14, 2023.
             Slain by an ufetubus (3 damage)
             ... on level 4 of the Dungeon.
             The game lasted 00:01:28 (202 turns).

Azuregosa the Sneak (Octopode Delver)                Turns: 202, Time: 00:01:29

Health: -1/31      AC:  1    Str: 17    XL:     4   Next: 22%
Magic:  4/4        EV: 11    Int: 14    God:
Gold:   0          SH:  7    Dex: 13    Spells: 3/3 levels left

rFire   . . .        a - +0 hand axe
rCold   . . .        g - +0 kite shield
rNeg    . . .        (helmet restricted)
rPois   .            (no amulet)
rElec   .            h - +6 ring of strength
rCorr   .            (no ring)
SInv    .            (no ring)
Will    .....        (no ring)
Stlth   ++++         (no ring)
HPRegen 0.25/turn    (no ring)
MPRegen 0.09/turn    (no ring)
                     (no ring)

%: no passive effects
@: no status effects
A: almost no armour, amphibious, 8 rings, camouflage 1, gelatinous body 1,
(nimble swimmer 1), tentacles
a: no special abilities


You were on level 4 of the Dungeon.
You visited 1 branch of the dungeon, and saw 2 of its levels.

Inventory:

Hand Weapons
 a - a +0 hand axe (weapon)
Armour
 g - a +0 kite shield (worn)
Jewellery
 h - a +6 ring of strength (left tentacle)
Wands
 f - a wand of digging (3)
Scrolls
 b - a scroll of fog
Potions
 c - a potion of magic {unknown}
 d - a potion of mutation {unknown}
 e - a potion of haste


   Skills:
 + Level 3.5 Fighting
 + Level 2.7 Axes
 + Level 2.7 Dodging
 + Level 7.2 Stealth


You had 3 spell levels left.
You didn't know any spells.
Your spell library was empty.

Dungeon Overview and Level Annotations

Branches:
Dungeon (5/15)
 Temple: D:4-7

Altars:


Innate Abilities, Weirdness & Mutations

You cannot wear most types of armour.
You are amphibious.
You can wear up to eight rings at the same time.
Your skin changes colour to match your surroundings (Stealth+).
Your rubbery body absorbs attacks. (AC +1, EV +1)
((You are camouflaged when in or above water. (Stealth+)))
You have tentacles for arms and can constrict up to eight enemies at once.


Message History

The goblin shouts!
You hit the orc. You grab the orc.
The orc is moderately wounded.
You constrict the orc, but do no damage.
You hear a shout!
You block the orc's attack. x2
You release your grip on the orc.
The ufetubus attacks as it pursues you! The ufetubus hits you.
The ufetubus closely misses you. The ufetubus barely misses you.
You block the ufetubus's attack. The ufetubus attacks as it pursues you!
The ufetubus hits you but does no damage.
The ufetubus closely misses you. The orc attacks as it pursues you!
The orc hits you with a +0 short sword. You block the ufetubus's attack.
The ufetubus misses you.
You closely miss the ufetubus. Your grab misses the ufetubus.
The ufetubus slips past you! The ufetubus misses you.
The ufetubus barely misses you. You block the ufetubus's attack. x2
You barely miss the ufetubus. Your grab misses the ufetubus. You hit the orc.
The ufetubus hits you. x2; The orc hits you with a +0 short sword.
The ufetubus closely misses you. The ufetubus hits you.
You block the orc's attack.
You miss the ufetubus. You grab the ufetubus. You hit the orc but do no damage.
You constrict the ufetubus, but do no damage.
You block the ufetubus's attack. The ufetubus closely misses you.
The ufetubus hits you. You block the ufetubus's attack.
The orc hits you with a +0 short sword. The ufetubus hits you.
The ufetubus closely misses you.
You hit the ufetubus but do no damage. You hit the orc but do no damage.
You constrict the ufetubus. You block the ufetubus's attack.
The ufetubus hits you. The orc closely misses you.
You completely miss the orc. You grab the orc.
The orc is severely wounded.
You hit the ufetubus. You constrict the ufetubus. You constrict the orc.
You kill the orc!
The ufetubus hits you.
* * * LOW HITPOINT WARNING * * *
The ufetubus hits you.
* * * LOW HITPOINT WARNING * * *
You block the ufetubus's attack. The ufetubus hits you.
You die...

#....#### #..# .#
#.#### ##..# ..#
#...### #...# ...#
#.....## #...#....#
#......###.......(#
#.###..##....#
#.###...#....#
#..##...#B...###
#†....5@Jog......
###########.#####
..# ###


You could see a jelly, an ufetubus, an orc, a giant cockroach and a goblin.

Vanquished Creatures
  A scorpion (D:4)
  An adder (D:4)
  An orc (D:4)
  2 hobgoblins (D:4)
  A kobold (D:4)
6 creatures vanquished.

Notes
Turn   | Place    | Note
-------+----------+-------------------------------------------
     0 | D:5      | Azuregosa the Octopode Delver began the quest for the Orb.
     0 | D:5      | Reached XP level 1. HP: 16/16 MP: 1/1
     6 | D:5      | Noticed a howler monkey
    74 | D:4      | Noticed a scorpion
    75 | D:4      | Reached XP level 2. HP: 20/21 MP: 2/2
    80 | D:4      | Killed a scorpion
    81 | D:4      | Reached skill level 7 in Stealth
    81 | D:4      | Reached XP level 3. HP: 2/26 MP: 3/3
    81 | D:4      | Reached XP level 4. HP: 3/31 MP: 4/4
   202 | D:4      | Slain by an ufetubus

Illustrated notes

Levels and vault maps discovered:
D:4:      minmay_recursive_quarters, layout_rooms, gup_sewer_entry_pipe
D:5:      layout_rooms, nicolae_qazlal_style_of_elements, serial_glass,
          glass_columns_a, glass_columns_b, glass_columns_b, glass_columns_b,
          glass_columns_b, glass_columns_a, glass_columns_a, glass_columns_c,
          glass_columns_a, glass_columns_b, glass_columns_b, glass_columns_a,
          glass_columns_b, glass_columns_a

Skill      XL: |  1  2 |
---------------+-------+-----
Stealth        | 7 |  7.2
Fighting       | |  3.5
Axes           | |  2.7
Dodging        | |  2.7

Action                     |  1- 3 |  4- 6 || total
---------------------------+-------+-------++-------
  Melee: Hand axe          |    14 |     7 ||    21
         Constrict         |     4 |     3 ||     7
         Tentacles         |     1 |       ||     1
    Use: Scroll            |     2 |       ||     2
         Potion            |       |     1 ||     1
   Stab: Sleeping          |       |     1 ||     1
 Armour: Skin              |    11 |    14 ||    25
  Dodge: Dodged            |    12 |    11 ||    23
  Block: Kite shield       |       |    12 ||    12

Table legend: (Time is in decaauts)
 A = Elapsed time spent in this place.
 B = Non-inter-level travel time spent in this place.
 C = Inter-level travel time spent in this place.
 D = Time resting spent in this place.
 E = Time spent auto-exploring this place.
 F = Levels seen in this place.
 G = Mean time per level.
                   A        B        C        D        E       F      G
               +--------+--------+--------+--------+--------+-----+--------+
         Total |    206 |    206 |      0 |    117 |      5 |   2 |  103.0 |
       Dungeon |    206 |    206 |      0 |    117 |      5 |   2 |  103.0 |
               +--------+--------+--------+--------+--------+-----+--------+

Top non-repeatable levels by time:
     D:4: 189 daAuts
     D:5: 16 daAuts
